 Dungeon Crawl Stone Soup version 0.22-a0-458-gb446440 (webtiles) character file.

172 gmonis the Cudgeler (level 5, 0/67 HPs)
             Began as a Hill Orc Berserker on June 8, 2018.
             Was a Believer of Trog.
             Succumbed to a scorpion's poison
             ... on level 3 of the Dungeon.
             The game lasted 00:04:51 (2658 turns).

gmonis the Cudgeler (Hill Orc Berserker)            Turns: 2658, Time: 00:04:51

Health: 0/67       AC:  2    Str: 25    XL:     5   Next: 52%
Magic:  5/5        EV: 12    Int:  7    God:    Trog [**....]
Gold:   169        SH:  0    Dex: 11    Spells: 4/4 levels left

rFire    . . .     SeeInvis .   a - +0 mace
rCold    . . .     Gourm    .   (no shield)
rNeg     . . .     Faith    .   b - +0 animal skin
rPois    .         Spirit   .   (no helmet)
rElec    .         Reflect  .   (no cloak)
rCorr    .         Harm     .   (no gloves)
MR       .....                  (no boots)
Stlth    ..........             (no amulet)
HPRegen  0.21/turn              (no ring)
MPRegen  0.09/turn              (no ring)

@: berserking, lethally poisoned (0 -> -35), very quick
A: no striking features
a: Berserk, Trog's Hand, Renounce Religion


You were on level 3 of the Dungeon.
You worshipped Trog.
Trog was pleased with you.
You were not hungry.

You visited 1 branch of the dungeon, and saw 3 of its levels.

You collected 169 gold pieces.

Inventory:

Hand Weapons
 a - a +0 mace (weapon)
Missiles
 d - 75 stones (quivered)
Armour
 b - a +0 animal skin (worn)
Jewellery
 h - an uncursed amulet of regeneration {unknown}
 q - a cursed ring of teleportation {unknown}
Scrolls
 e - a scroll of enchant armour {unknown}
 f - a scroll of remove curse {unknown}
 g - a scroll of amnesia {unknown}
 i - 2 scrolls of identify {unknown}
 k - a scroll of immolation {unknown}
 l - a scroll of blinking {unknown}
 m - a scroll of fog {unknown}
 n - a scroll of magic mapping {unknown}
Potions
 j - a potion of lignification {unknown}
 o - a potion of agility {unknown}
Comestibles
 c - 7 rations
 p - a chunk of flesh


   Skills:
 - Level 3.6 Fighting
 + Level 6.6 Maces & Flails
 - Level 2.1 Armour
 - Level 1.5 Dodging


You had 4 spell levels left.
You didn't know any spells.
Your spell library was empty.

Dungeon Overview and Level Annotations

Branches:
Dungeon (3/15)

Altars:
Uskayaw


Message History

The scorpion poisons you!
You hit the scorpion.
The scorpion is severely wounded.
* * * LOW HITPOINT WARNING * * *
You feel very sick. The scorpion stings you.
* * * LOW HITPOINT WARNING * * *
You sock the scorpion!
You kill the scorpion!
Trog accepts your kill.
* * * LOW HITPOINT WARNING * * *
You feel sick.
You are too berserk!
You are too berserk!
You are too berserk!
You are too berserk!
* * * LOW HITPOINT WARNING * * *
You feel sick.
You feel a strong urge to attack something.
You die...

###############
##......@.......
#(......########
#.......#
#.......+
#.......#
##'#'#### #.#.#
##########.#.#
...........#.#


There were no monsters in sight!

Vanquished Creatures
  A scorpion (D:3)
  A bullfrog skeleton (D:3)
  4 adders
  An ooze (D:2)
  A worm (D:3)
  A dart slug (D:1)
  3 leopard geckos
  An orc (D:3)
  5 giant cockroaches
  A goblin (D:2)
  9 hobgoblins
  3 jackals (D:3)
  A ball python (D:2)
  5 bats
  3 frilled lizards (D:2)
  2 kobolds
  5 rats
47 creatures vanquished.

Notes
Turn   | Place    | Note
-------+----------+-------------------------------------------
     0 | D:1      | gmonis the Hill Orc Berserker began the quest for the Orb.
     0 | D:1      | Reached XP level 1. HP: 19/19 MP: 1/1
   226 | D:1      | Reached XP level 2. HP: 26/26 MP: 2/2
   230 | D:1      | Reached skill level 4 in Maces & Flails
   934 | D:2      | Reached XP level 3. HP: 30/31 MP: 3/3
  1134 | D:2      | Reached skill level 5 in Maces & Flails
  1168 | D:2      | Found a hide-covered altar of Uskayaw.
  1270 | D:2      | Reached ** piety under Trog
  1540 | D:2      | Reached XP level 4. HP: 39/39 MP: 4/4
  2410 | D:3      | Reached skill level 6 in Maces & Flails
  2410 | D:3      | Reached XP level 5. HP: 26/45 MP: 5/5
  2607 | D:3      | Found a faded altar of an unknown god.
  2657 | D:3      | HP: 3/67 [poisoned by a scorpion]
  2658 | D:3      | Succumbed to a scorpion's poison

Vault maps used:
D:1:      minmay_arrival_four_circles
D:2:      lemuel_crystal_altar
D:3:      gammafunk_temple_overflow_statue, chequers_ecumenical_altar_twisty

Skill      XL: |  1  2  3  4 |
---------------+-------------+-----
Maces & Flails | 4 5 6 |  6.6
Fighting       | |  3.6
Armour         | |  2.1
Dodging        | |  1.5

Action                   |  1- 3 |  4- 6 || total
-------------------------+-------+-------++-------
Melee: Mace              |    90 |    89 ||   179
Invok: Berserk           |       |     2 ||     2
 Stab: Sleeping          |       |     1 ||     1
  Eat: Chunk             |     2 |     5 ||     7
Armor: Animal skin       |    14 |    19 ||    33
Dodge: Dodged            |    62 |    49 ||   111

Table legend:
 A = Spawn XP
 B = Non-spawn XP
 C = Spawn XP percentage of total XP
 D = Spawn monster count
 E = Non-spawn monster count
 F = Spawn count percentage of total count
 G = Total turns spent on level
                    A         B        C        D         E        F      G
               +---------+---------+-------+---------+---------+-------+---------
         Total |       0 |     246 |   0.0 |       0 |      47 |   0.0 |  2658
               +---------+---------+-------+---------+---------+-------+---------
           D:1 |       0 |      29 |   0.0 |       0 |      14 |   0.0 |   888
           D:2 |       0 |      72 |   0.0 |       0 |      20 |   0.0 |   975
           D:3 |       0 |     145 |   0.0 |       0 |      13 |   0.0 |   795
               +---------+---------+-------+---------+---------+-------+---------
